 Dungeon Crawl Stone Soup version 0.31-a0-246-g8cbcc1cb85 (webtiles) character file.

Game seed: 12168566734818621958

93 qw the Shooter (level 4, -1/26 HPs)
             Began as a Gargoyle Hexslinger on July 12, 2023.
             Slain by a bullfrog (7 damage)
             ... on level 3 of the Dungeon.
             The game lasted 00:00:49 (1555 turns).

qw the Shooter (Gargoyle Hexslinger)                Turns: 1555, Time: 00:00:49

Health: -1/26      AC:  8    Str: 11    XL:     4   Next: 61%
Magic:  5/5        EV: 10    Int: 14    God:
Gold:   121        SH:  0    Dex: 14    Spells: 4/5 levels left

rFire   . . .        Y - +1 sling
rCold   + . .        (no shield)
rNeg    + . .        h - +0 ring mail
rPois   inf          (no helmet)
rElec   +            (no cloak)
rCorr   .            (no gloves)
SInv    .            (no boots)
Will    .....        (no amulet)
Stlth   +            f - ring of protection from cold
HPRegen 0.24/turn    (no ring)
MPRegen 0.09/turn

%: no passive effects
@: no status effects
A: sickness immunity, AC +3, negative energy resistance 1, electricity
resistance, torment resistance 1, petrification resistance
a: no special abilities


You were on level 3 of the Dungeon.
You visited 1 branch of the dungeon, and saw 3 of its levels.

You collected 121 gold pieces.


Innate Abilities, Weirdness & Mutations

You are immune to sickness and miasma.
Your stone body is resilient. (AC +3)
You are immune to poison.
You resist negative energy. (rN+)
You are resistant to electric shocks. (rElec)
You are resistant to unholy torment.
You are immune to petrification.


   Skills:
 - Level 2.0 Fighting
 + Level 4.2 Ranged Weapons
 - Level 1.0 Armour
 - Level 1.5 Dodging
 - Level 1.0 Spellcasting
 - Level 2.6 Hexes


You had 4 spell levels left.
You knew the following spells:

 Your Spells              Type           Power      Damage    Failure   Level
a - Slow                  Hex            32%        N/A       21%         1

Your spell library contained the following spells:

 Spells                   Type           Power      Damage    Failure   Level
 Inner Flame              Hex/Fire       4%         N/A       71%         3
 Portal Projectile        Hex/Tloc       8%         N/A       71%         3
 Cause Fear               Hex            4%         N/A       90%         4

Inventory:

Hand Weapons
 Y - a +1 sling (weapon)
Armour
 h - a +0 ring mail (worn)
Jewellery
 f - a ring of protection from cold (left hand)
Potions
 a - a potion of haste {unknown}
 b - a potion of cancellation {unknown}
 c - a potion of degeneration {unknown}
 d - a potion of enlightenment {unknown}
 e - a potion of heal wounds {unknown}
 g - a potion of attraction {unknown}
 i - a potion of might {unknown}

Dungeon Overview and Level Annotations

Branches:
Dungeon (3/15)

Altars:

Shops:
D:1 (


Message History

The bullfrog hits you but does no damage.
The bullfrog barely misses you.
You shoot a sling bullet.
The sling bullet closely misses the bullfrog.
The bullfrog hits you but does no damage.
The bullfrog hits you.
You shoot a sling bullet.
The sling bullet barely misses the bullfrog.
The bullfrog hits you but does no damage. x2
You shoot a sling bullet.
The sling bullet barely misses the bullfrog.
The bullfrog hits you but does no damage. x2
You shoot a sling bullet. The sling bullet hits the bullfrog!
The bullfrog is heavily wounded.
The bullfrog closely misses you. The bullfrog hits you.
You shoot a sling bullet.
The sling bullet barely misses the bullfrog.
The bullfrog barely misses you. The bullfrog hits you.
You shoot a sling bullet.
The sling bullet barely misses the bullfrog.
The bullfrog hits you but does no damage.
The bullfrog hits you.
You shoot a sling bullet.
The sling bullet closely misses the bullfrog.
The bullfrog hits you.
The bullfrog hits you but does no damage.
You shoot a sling bullet. The sling bullet hits the bullfrog!
The bullfrog is severely wounded.
The bullfrog hits you! x2
You shoot a sling bullet.
The sling bullet closely misses the bullfrog.
The bullfrog barely misses you.
You shoot a sling bullet.
The sling bullet hits the bullfrog but does no damage.
The bullfrog is severely wounded.
The bullfrog barely misses you. x2
You shoot a sling bullet. The sling bullet misses the bullfrog.
The bullfrog hits you but does no damage.
The bullfrog hits you!
You die...

########### #.........#
#######.#######.#
#.....#.# #.# #.....#.#
#.#
##.....#.#######.########
....................>....
##.....#.#######.........
#.....#@# ............#
........F........#.#.##.#
#######..................
...).......##..##..
#..#.#.............% #..
.#.#...........# #.. ..
......#...... #.. .#
#.#.. ##.#... #.##..


You could see a bullfrog.

Vanquished Creatures
  2 adders (D:2)
  A worm (D:2)
  A dart slug (D:2)
  6 ball pythons
  7 endoplasms
  2 giant cockroaches (D:2)
  4 goblins
  7 hobgoblins
  9 jackals
  4 kobolds
  3 quokkas
  6 bats
  2 frilled lizards
  5 rats
59 creatures vanquished.

Notes
Turn   | Place    | Note
-------+----------+-------------------------------------------
     0 | D:1      | qw the Gargoyle Hexslinger began the quest for the Orb.
     0 | D:1      | Reached XP level 1. HP: 12/12 MP: 2/2
     0 | D:1      | 0 ||| qw: Version: 0.3-a-52-g30416fa
     0 | D:1      | 0 ||| qw: Game counter: 6326
     0 | D:1      | 0 ||| qw: Melee chars always use a shield: true
     0 | D:1      | 0 ||| qw: God list: Okawaru
     0 | D:1      | 0 ||| qw: Allow faded altars: false
     0 | D:1      | 0 ||| qw: Do Orc after clearing Dungeon:15 true
     0 | D:1      | 0 ||| qw: Do second Lair branch before Depths: true
     0 | D:1      | 0 ||| qw: Lair rune preference: random
     0 | D:1      | 0 ||| qw: Goals: Normal
     0 | D:1      | 0 ||| PLANNING D:1-11
   105 | D:1      | Reached XP level 2. HP: 16/16 MP: 3/3
   284 | D:1      | Reached skill level 3 in Ranged Weapons
   376 | D:1      | Found Arisagunt's Antique Weapon Shoppe.
   581 | D:1      | Reached XP level 3. HP: 21/21 MP: 4/4
   684 | D:1      | 684 ||| UPGRADING to +0 ring mail.
   694 | D:1      | 694 ||| DROPPING +0 robe.
   695 | D:1      | 695 ||| UPGRADING to ring of protection from cold.
   696 | D:1      | 696 ||| READING scroll labelled ITHRIN XUPA REU.
   699 | D:1      | 699 ||| DROPPING scroll of poison.
   837 | D:2      | Reached XP level 4. HP: 26/26 MP: 5/5
   941 | D:2      | Reached skill level 4 in Ranged Weapons
  1150 | D:2      | Reached skill level 1 in Armour
  1430 | D:2      | 1430 ||| READING scroll labelled ACA UQEOTUTRES.
  1431 | D:2      | 1431 ||| READING scroll labelled HETYEP VEWNY.
  1540 | D:3      | Noticed a bullfrog
  1552 | D:3      | HP: 5/26 [bullfrog (7)]
  1555 | D:3      | Slain by a bullfrog

Levels and vault maps discovered:
D:1:      wander_arrival_lonely_grave, layout_basic, serial_shops,
          nicolae_shop_advertising_works [nicolae_subvault_shop_adworks]
D:2:      layout_loops_cross
D:3:      minmay_bubble_buster, layout_basic, tgw_trog, led_xom_imps,
          lemuel_doored_altar, grunt_nemelex_the_gamble,
          shapermc_ecumenical_altar_ellora

Skill      XL: |  1  2  3  4 |
---------------+-------------+-----
Ranged Weapons | 3 4 |  4.2
Fighting       | 2 |  2.0
Armour         | 1 |  1.0
Dodging        | |  1.5
Spellcasting   | |  1.0
Hexes          | |  2.6

Action                     |  1- 3 |  4- 6 || total
---------------------------+-------+-------++-------
   Fire: Sling             |   141 |    86 ||   227
    Use: Scroll            |     1 |     2 ||     3
 Armour: Robe              |    21 |       ||    21
         Ring mail         |    31 |    31 ||    62
  Dodge: Dodged            |    67 |    28 ||    95

Table legend:
 A = Non-vault XP
 B = Vault XP
 C = Vault XP percentage of total XP
 D = Non-vault monster count
 E = Vault monster count
 F = Vault count percentage of total count
                 A         B        C        D         E       F
            +---------+---------+-------+---------+---------+-------
      Total |     133 |       0 |   0.0 |      59 |       0 |   0.0
            +---------+---------+-------+---------+---------+-------
        D:1 |      39 |       0 |   0.0 |      23 |       0 |   0.0
        D:2 |      89 |       0 |   0.0 |      33 |       0 |   0.0
        D:3 |       5 |       0 |   0.0 |       3 |       0 |   0.0
            +---------+---------+-------+---------+---------+-------
